 Dungeon Crawl Stone Soup version 0.28-a0-425-gd0eccab798 (webtiles) character file.

Game seed: 14834166284135382830

140 mg7810 the Sneak (level 5, -1/49 HPs)
             Began as a Deep Dwarf Delver on Sept 9, 2021.
             Slain by a vampire mosquito (2 damage)
             ... on level 4 of the Dungeon.
             The game lasted 00:03:00 (281 turns).

mg7810 the Sneak (Deep Dwarf Delver)                 Turns: 281, Time: 00:03:01

Health: -1/49      AC:  3    Str: 17    XL:     5   Next: 2%
Magic:  5/5        EV: 12    Int: 10    God:
Gold:   38         SH:  0    Dex: 14    Spells: 4/4 levels left

rFire   . . .      SeeInvis .   a - +0 hand axe
rCold   . . .      Faith    .   (no shield)
rNeg    . . .      Spirit   .   b - +0 leather armour
rPois   .          Reflect  .   (no helmet)
rElec   .          Harm     .   (no cloak)
rCorr   .          Rampage  .   (no gloves)
Will    .....                   (no boots)
Stlth   +++.......              (no amulet)
HPRegen 0.00/turn               (no ring)
MPRegen 0.09/turn               (no ring)

@: no status effects
A: damage resistance, heal wounds, sense surroundings 1, no regeneration
a: Heal Wounds


You were on level 4 of the Dungeon.
You visited 1 branch of the dungeon, and saw 3 of its levels.

You collected 38 gold pieces.

Inventory:

Hand Weapons
 a - a +0 hand axe (weapon)
Missiles
 f - 12 poisoned darts
Armour
 b - a +0 leather armour (worn)
Wands
 g - a wand of digging (3)
Scrolls
 c - a scroll of fog
 d - a scroll of magic mapping
 e - a scroll of fear
 h - a scroll of identify {unknown}


   Skills:
 + Level 3.0 Fighting
 + Level 2.7 Axes
 * Level 0.1 Throwing
 * Level 1.9 Armour
 + Level 2.5 Dodging
 + Level 7.2 Stealth
 * Level 2.2 Evocations


You had 4 spell levels left.
You didn't know any spells.
Your spell library contained the following spells:

 Spells                   Type           Power      Damage    Failure   Level
 Animate Skeleton         Necr           0%         N/A       41%         1
 Apportation              Tloc           0%         N/A       41%         1
 Summon Small Mammal      Summ           0%         N/A       41%         1
 Corpse Rot               Necr/Air       N/A        N/A       56%         2
 Poisonous Vapours        Pois/Air       0%         N/A       56%         2


Dungeon Overview and Level Annotations

Branches:
Dungeon (6/15)
 Temple: D:4-7

Altars:


Innate Abilities, Weirdness & Mutations

You are resistant to damage.
You can heal yourself by infusing magical energy.
You passively map a small area around you.
You do not regenerate.


Message History

You barely miss the vampire mosquito.
The vampire mosquito is lightly damaged.
The vampire mosquito closely misses you. x2
You barely miss the vampire mosquito.
The vampire mosquito is lightly damaged.
The vampire mosquito bites you.
The vampire mosquito draws strength from your injuries!
The vampire mosquito closely misses you.
The vampire mosquito barely misses you.
You hit the vampire mosquito but do no damage.
The vampire mosquito is lightly damaged.
The vampire mosquito misses you. The vampire mosquito bites you!
* * * LOW HITPOINT WARNING * * *
The vampire mosquito draws strength from your injuries!
You closely miss the vampire mosquito. The vampire mosquito bites you!
* * * LOW HITPOINT WARNING * * *
The vampire mosquito draws strength from your injuries!
The vampire mosquito bites you but does no damage.
You hit the vampire mosquito.
The vampire mosquito is lightly damaged.
The vampire mosquito bites you.
* * * LOW HITPOINT WARNING * * *
The vampire mosquito draws strength from your injuries!
The vampire mosquito bites you but does no damage.
You aren't carrying any potions.
You can't see any enemies this would affect, really read the scroll of fear?
Okay, then.
You barely miss the vampire mosquito.
The vampire mosquito is lightly damaged.
The vampire mosquito bites you.
The vampire mosquito draws strength from your injuries!
The vampire mosquito closely misses you.
The vampire mosquito closely misses you.
You slash the vampire mosquito!
The vampire mosquito is moderately damaged.
The vampire mosquito barely misses you. x2
You slash the vampire mosquito!
The vampire mosquito is heavily damaged.
The vampire mosquito barely misses you. The vampire mosquito bites you.
You die...

* , , * , ,
#.# *
#*###.#
#.,...., , *
*###.###.###
,
......$..@#,
,, ,
........#y#
,
........#.#,
.......>..+,
,
.......####
, * .......*
, ....... *
, , .......,
, , * ,
....... ,,,
,


You could see a vampire mosquito.

Vanquished Creatures
  A bullfrog (D:5)
  A water moccasin zombie (D:5)
  A hound skeleton (D:5)
  A white imp (D:5)
4 creatures vanquished.

Notes
Turn   | Place    | Note
-------+----------+-------------------------------------------
     0 | D:5      | mg7810 the Deep Dwarf Delver began the quest for the Orb.
     0 | D:5      | Reached XP level 1. HP: 20/20 MP: 1/1
    16 | D:5      | Noticed a scorpion
    17 | D:5      | Noticed a bullfrog
    33 | D:5      | HP: 1/20 [bullfrog (3)]
    46 | D:5      | Killed a bullfrog
    47 | D:5      | Reached skill level 1 in Armour
    47 | D:5      | Reached skill level 1 in Evocations
    47 | D:5      | Reached XP level 2. HP: 27/27 MP: 2/2
    47 | D:5      | Reached XP level 3. HP: 33/33 MP: 3/3
    63 | D:5      | Noticed a vampire mosquito
    63 | D:5      | Noticed a vampire mosquito
    63 | D:5      | Noticed a vampire mosquito
    63 | D:5      | Noticed a vampire mosquito
   115 | D:5      | Reached skill level 7 in Stealth
   115 | D:5      | Reached XP level 4. HP: 30/40 MP: 4/4
   138 | D:5      | HP: 2/40 [water moccasin zombie (5)]
   241 | D:5      | Reached XP level 5. HP: 4/49 MP: 5/5
   267 | D:4      | HP: 2/49 [vampire mosquito (6)]
   277 | D:4      | HP: 1/49 [vampire mosquito (3)]
   281 | D:4      | Slain by a vampire mosquito

Illustrated notes

Levels and vault maps discovered:
D:4:      layout_basic, cheibrodos_sewer_entry_bend, kennysheep_boxes
D:5:      layout_rooms, hangedman_decor_riveting
D:6:      layout_loops_ring, minmay_temple_entry_sparse_star, uniq_grinder,
          uniq_eustachio

Skill      XL: |  1  2  3  4 |
---------------+-------------+-----
Armour         | 1 |  1.9
Evocations     | 1 2 |  2.2
Stealth        | 7 |  7.2
Fighting       | 3 |  3.0
Axes           | |  2.7
Throwing       | |  0.1
Dodging        | |  2.5

Action                   |  1- 3 |  4- 6 || total
-------------------------+-------+-------++-------
Melee: Hand axe          |    13 |    50 ||    63
 Abil: Heal Wounds       |     1 |     4 ||     5
  Use: Potion            |     1 |       ||     1
Armor: Leather armour    |     2 |    18 ||    20
Dodge: Dodged            |    11 |    39 ||    50

Table legend: (Time is in decaauts)
 A = Elapsed time spent in this place.
 B = Non-inter-level travel time spent in this place.
 C = Inter-level travel time spent in this place.
 D = Time resting spent in this place.
 E = Time spent auto-exploring this place.
 F = Levels seen in this place.
 G = Mean time per level.
                   A        B        C        D        E       F      G
               +--------+--------+--------+--------+--------+-----+--------+
         Total |    270 |    270 |      0 |      0 |     41 |   3 |   90.0 |
       Dungeon |    270 |    270 |      0 |      0 |     41 |   3 |   90.0 |
               +--------+--------+--------+--------+--------+-----+--------+

Top non-repeatable levels by time:
     D:5: 230 daAuts
     D:4: 23 daAuts
     D:6: 16 daAuts
